 Dungeon Crawl Stone Soup version 0.27.1 (webtiles) character file.

Game seed: 4866731782503999183

51 Descartes the Skirmisher (level 3, -2/20 HPs)
             Began as a Felid Wanderer on Aug 30, 2021.
             Slain by Jessica (3 damage)
             ... on level 2 of the Dungeon.
             The game lasted 00:03:32 (1885 turns).

Descartes the Skirmisher (Felid Wanderer)           Turns: 1885, Time: 00:03:33

Health: -2/20      AC:  1    Str:  6    XL:     3   Next: 57%
Magic:  4/4        EV: 17    Int: 17    God:
Gold:   26         SH:  0    Dex: 14    Spells: 2/2 levels left
                                        Lives:  0   Deaths: 0

rFire    . . .     SeeInvis +     - Unarmed
rCold    . . .     Faith    .   (shield unavailable)
rNeg     . . .     Spirit   .   (armour unavailable)
rPois    .         Reflect  .   (helmet unavailable)
rElec    .         Harm     .   (cloak unavailable)
rCorr    .         Rampage  .   (gloves unavailable)
Will     .....                  (boots unavailable)
Stlth    ++........             (no amulet)
HPRegen  0.06/turn              (no ring)
MPRegen  0.09/turn              (no ring)

@: slowed, slow
A: very small, claws 1, fangs 3, see invisible, speed 1, shaggy fur 1, stealthy
paws, no weapons or thrown items, no armour, multi-lived
a: no special abilities


You were on level 2 of the Dungeon.
You visited 1 branch of the dungeon, and saw 2 of its levels.

You collected 26 gold pieces.

Inventory:

Missiles
 d - 45 stones
Wands
 a - a wand of flame (15) (quivered)
Scrolls
 e - a scroll of holy word {unknown}
 g - a scroll of torment {unknown}
 h - a scroll of immolation {unknown}
Potions
 b - a potion of curing
 c - a potion of lignification
 f - a potion of invisibility {unknown}


   Skills:
 - Level 6.0 Fighting
 + Level 2.3 Dodging
 + Level 3.1 Stealth
 + Level 2.8 Unarmed Combat
 - Level 1.1 Evocations


You had 2 spell levels left.
You didn't know any spells.
Your spell library contained the following spells:

 Spells                   Type           Power      Damage    Failure   Level
 Stone Arrow              Conj/Erth      0%         3d7       56%         3
 Bolt of Magma            Conj/Fire/Erth 0%         4d4       100%        5
 Malign Gateway           Summ/Tloc      0%         N/A       100%        7
 Summon Horrible Things   Summ           0%         N/A       100%        8
 Shatter                  Erth           0%         3d5*      100%        9


Dungeon Overview and Level Annotations

Branches:
Dungeon (2/15)

Altars:

Annotations:
D:2 Jessica, Sigmund


Innate Abilities, Weirdness & Mutations

You have sharp claws.
You have razor-sharp teeth.
You have supernaturally acute eyesight. (SInv)
You cover ground quickly. (Speed+)
You are covered in fur. (AC +1)
Your paws help you pounce on unaware monsters.
You are incapable of wielding weapons or throwing items.
You cannot wear armour.
You gain extra lives every three experience levels.


Message History

d - 25 stones (gained 4)
You see here a +0 club.
Found 20 stones.
Found an escape hatch in the ceiling.
d - 45 stones (gained 20)
A kobold comes into view. It is wielding a +0 club.
Jessica the Apprentice Sorceress comes into view.
She is wielding a +0 club.
A giant cockroach comes into view.
Found a stone staircase leading down.
Jessica shouts!
You hear a shout!
A kobold comes into view. It is wielding a +0 dagger.
The kobold barely misses you.
An endoplasm comes into view.
You scratch Jessica but do no damage. Your bite misses Jessica.
The kobold hits you with a +0 club. Jessica barely misses you.
You claw Jessica!
Jessica is severely wounded.
The kobold closely misses you.
Jessica points at you and mumbles some strange words.
You feel yourself slow down.
A hobgoblin comes into view.
The endoplasm jiggles.
An adder comes into view.
Jessica casts a spell.
Jessica seems to speed up.
The hobgoblin shouts!
Jessica hits you with a +0 club. The kobold completely misses you.
Sigmund the Dreaded comes into view.
He is wielding a +0 scythe.
Jessica hits you with a +0 club. Jessica barely misses you.
The endoplasm jiggles.
The kobold completely misses you. Jessica hits you with a +0 club.
* * * LOW HITPOINT WARNING * * *
The giant cockroach closely misses you.
There is an escape hatch in the ceiling here.
Jessica hits you with a +0 club.
* * * LOW HITPOINT WARNING * * *
The giant cockroach closely misses you. Jessica hits you with a +0 club.
You die...

# #.. .## #.## ####S #.. ..#
#######.# #.... #.###..#
#.......# #..... #.#....
#.#.....# #.....#####.#..# #
#.#.....# ####.....##.#..#
#.###.#.....#
.>.............###.....#.....##
#........g...K.................
#....###.#.JK@@###....).#######
#... #.#.##B.# #......# #..
..#..#..###......# #### ..
.####.#...##......# #... . ..
.#.#.##......####... ..
#.#........#....##... ..#
#.###..##............
#.####.##.##..#####'#
#....#.##.#<..###....


You could see Jessica (fast), an endoplasm, a giant cockroach, a hobgoblin and 2
kobolds.

Vanquished Creatures
  An adder (D:2)
  4 endoplasms
  4 giant cockroaches
  6 goblins
  3 hobgoblins
  5 kobolds
  7 ball pythons
  4 bats (D:1)
  2 frilled lizards (D:1)
  3 rats
39 creatures vanquished.

Notes
Turn   | Place    | Note
-------+----------+-------------------------------------------
     0 | D:1      | Descartes the Felid Wanderer began the quest for the Orb.
     0 | D:1      | Descartes set off with the following items: a wand of flame
                  | (15), a potion of curing, a potion of lignification
     0 | D:1      | Reached XP level 1. HP: 13/13 MP: 2/2
   212 | D:1      | Reached skill level 1 in Dodging
   371 | D:1      | Reached XP level 2. HP: 16/16 MP: 3/3
  1190 | D:2      | Reached XP level 3. HP: 2/20 MP: 4/4
  1190 | D:2      | HP: 1/20 [poisoned by an adder]
  1871 | D:2      | Noticed Jessica
  1880 | D:2      | Noticed Sigmund
  1885 | D:2      | HP: 1/20 [Jessica (2)]
  1885 | D:2      | Slain by Jessica

Illustrated notes

Levels and vault maps discovered:
D:1:      dpeg_arrival_prison, layout_loops_ring, ebering_dispersal_statue_hall,
          minivault_25
D:2:      layout_basic, basic_altar, shapermc_ecumenical_altar_rom_forum,
          minmay_quadrilaterals, uniq_jessica, uniq_sigmund

Skill      XL: |  1  2  3 |
---------------+----------+-----
Dodging        | 1 2 |  2.3
Stealth        | 2 3 |  3.1
Fighting       | |  6.0
Unarmed Combat | |  2.8
Evocations     | |  1.1

Action                   || total
-------------------------++-------
Melee: Unarmed           ||    96
       Bite              ||     7
       Punch             ||     1
 Stab: Sleeping          ||     8
Armor: Skin              ||     3
Dodge: Dodged            ||    85
